Map: Automne céruléen EC

Players

llllllllllll - Winner!

  • Race: Protoss Protoss
  • League: Master
  • Spawn Location: 7:00

nova

  • Race: Terran Terran
  • League: Master
  • Spawn Location: 1:00

VOD

Have the link to the VOD?

Description

Time

  • Played on: Jan. 15, 2019, 3:56 p.m.
  • Length: 7:14
Show
View Real Time Build Order
Export as new Build Order

llllllllllll Protoss - Winner!

Build Orders:  

Get SALT Encoding   

  12  0:00  Probe  
  13  0:13  Probe  
  14  0:18  Pylon  
  14  0:21  Probe  
  15  0:32  Probe  
  15  0:38  Gateway  
  16  0:43  Probe  
  16  0:46  Assimilator  
  17  0:53  Probe  
  18  1:01  Probe  
  18  1:09  Probe  
  20  1:25  Assimilator  
  20  1:27  Cybernetics Core, Zealot  
  20  1:30  Probe  
  23  1:41  Assimilator  
  23  1:49  Pylon  
  23  1:59  Adept  
  23  2:00  Pylon  
  23  2:05  Warp Gate  
  23  2:07  Probe  
  26  2:19  Gateway  
  26  2:26  Shield Battery, Stalker  
  28  2:31  Shield Battery  
  28  2:43  Robotics Facility  
  28  2:58  Stalker  
  27  3:19  Shield Battery  
  27  3:23  Zealot  
  26  4:02  Shield Battery  
  28  4:13  Immortal, Zealot  
  28  4:18  Probe  
  33  4:34  Pylon  
  31  4:40  Pylon  
  33  4:52  Immortal  
  33  5:06  Pylon  
  33  5:07  Stalker  
  35  5:25  Gateway  
  35  5:31  Stalker  
  35  5:32  Zealot  
  39  5:36  Warp Prism  
  37  6:11  Immortal  
  37  6:18  Zealot x2  
  39  6:56  Adept x3  
Show
View Real Time Build Order
Export as new Build Order

nova Terran 

Build Orders:  

Get SALT Encoding   

  12  0:01  SCV  
  13  0:15  Supply Depot  
  13  0:18  SCV  
  14  0:30  SCV  
  14  0:32  Refinery  
  15  0:48  Barracks  
  15  1:01  Barracks  
  15  1:07  SCV  
  16  1:19  SCV  
  17  1:36  Barracks Tech Lab  
  17  1:37  Barracks  
  17  1:49  Barracks Tech Lab  
  17  1:55  Concussive Shells, Marauder  
  17  1:59  Supply Depot  
  21  2:08  Marauder  
  21  2:16  Marauder  
  23  2:25  Barracks Tech Lab  
  25  2:30  Marauder  
  25  2:41  Supply Depot  
  25  2:46  Marauder  
  19  3:14  Marauder  
  17  3:28  Marauder  
  19  3:48  Marauder  
  19  3:52  Marauder  
  21  4:09  SCV  
  24  4:10  Marauder  
  24  4:21  Marauder  
  26  4:34  Marauder  
  28  4:51  Marauder  
  20  5:01  Marauder  
  20  5:13  Marauder  
  22  5:22  Marauder  
  24  5:34  Marauder  
  26  5:44  Marauder  
  28  5:55  Marauder  
  28  6:05  Marauder  
  28  6:17  Marauder  
  30  6:26  Marauder  
Tags
 
Add a new tag
Caveats
  • Supply blocks, unpowered buildings, or Contaminate may cause inaccurate times.
  • Supply counts are checked every 10 seconds.